 Dungeon Crawl Stone Soup version 0.20.1-1-g8b1a95d (webtiles) character file.

2375 Hopiakuusi the Slinger (level 9, -13/62 HPs)
             Began as a Halfling Hunter on Aug 20, 2017.
             Was a Follower of Ashenzari.
             Mangled by Pikel
             ... wielding a +1 whip of electrocution
              (20 damage)
             ... on level 7 of the Dungeon on Aug 22, 2017.
             The game lasted 00:45:53 (7397 turns).

Hopiakuusi the Slinger (Halfling Hunter)            Turns: 7397, Time: 00:45:54

Health: -13/62     AC:  4    Str: 13    XL:     9   Next: 73%
Magic:  11/11      EV: 17    Int:  9    God:    Ashenzari [*.....]
Gold:   383        SH:  0    Dex: 22    Spells: 8/8 levels left

rFire    . . .     SeeInvis .   a - +1 hunting sling
rCold    + . .     Gourm    .   (shield restricted)
rNeg     . . .     Faith    +   w - +1 leather armour {rC+} (curse)
rPois    +         Spirit   .   (no helmet)
rElec    .         Reflect  .   b - scarf of the Shrike {+Fly rPois Dex+4} (curse)
rCorr    .         Harm     .   (no gloves)
MR       +....                  (no boots)
Stlth    +++.......             x - amulet of faith (curse)
Regen    0.2/turn               r - ring of protection from magic (curse)
MPRegen  0.2/turn               (no ring)

@: no status effects
A: mutation resistance 1
a: Curse Item, Scrying, Renounce Religion, Evoke Flight


You were on level 7 of the Dungeon.
You worshipped Ashenzari.
Ashenzari was aware of your devotion.
You were not hungry.

You visited 1 branch of the dungeon, and saw 7 of its levels.
You also visited: Sewer.

You collected 383 gold pieces.

Inventory:

Hand Weapons
 a - a +1 hunting sling (weapon)
 o - a +0 dagger
 A - a +1 dagger of speed
Missiles
 h - 210 stones (quivered)
 m - 19 poisoned needles
Armour
 b - the cursed scarf of the Shrike (worn) {+Fly rPois Dex+4}
   (You found it on level 5 of the Dungeon)

   It affects your dexterity (+4).
   It protects you from poison.
   It lets you fly.
   It has a curse placed upon it.
 j - a scarf of repulsion
 s - a +0 cloak
 w - a cursed +1 leather armour of cold resistance (worn)
Jewellery
 r - a cursed ring of protection from magic (left hand)
 x - a cursed amulet of faith (around neck)
Scrolls
 g - 5 scrolls of teleportation
 k - 4 scrolls of amnesia {unknown}
 q - 2 scrolls of magic mapping
 t - 2 scrolls of fear {unknown}
 v - a scroll of fog {unknown}
 y - 2 scrolls of identify {unknown}
 E - a scroll of noise {unknown}
 G - a scroll of immolation {unknown}
 I - 2 scrolls of enchant weapon {unknown}
 K - a scroll of blinking {unknown}
Potions
 d - 2 potions of lignification {unknown}
 e - 8 potions of curing
 i - a potion of flight {unknown}
 l - a potion of heal wounds
 n - a potion of degeneration {unknown}
 p - a potion of invisibility {unknown}
 u - 2 potions of mutation {unknown}
 z - 2 potions of haste {unknown}
 C - a potion of might {unknown}
 D - a potion of magic {unknown}
Books
 c - a book of Geomancy

   Spells                             Type                      Level
   a - Sandblast                      Earth                        1
   b - Passwall                       Transmutation/Earth          2
   c - Stone Arrow                    Conjuration/Earth            3
   d - Petrify                        Transmutation/Earth          4
   e - Lee's Rapid Deconstruction     Earth                        5
 L - a book of Enchantments

   Spells                             Type                      Level
   a - Cause Fear                     Hexes                        4
   b - Yara's Violent Unravelling     Hexes/Transmutation          5
   c - Silence                        Hexes/Air                    5
   d - Deflect Missiles               Charms/Air                   6
   e - Discord                        Hexes                        8
Comestibles
 f - 4 bread rations
 H - 2 fruits
 J - a royal jelly


   Skills:
 * Level 6.2 Fighting
 + Level 12.7 Slings
 - Level 0.9 Armour
 * Level 4.3 Dodging
 + Level 4.8 Stealth
 * Level 3.0 Evocations


You had 8 spell levels left.
You didn't know any spells.

Dungeon Overview and Level Annotations

Branches:
Dungeon (7/15)             Temple (0/1) D:7

Altars:
Ashenzari
Gozag
Kikubaaqudgha
Ru
Yredelemnul
The Shining One

Annotations:
D:2 Purgy
D:6 MontyDaPython's ghost, novice DsBe
D:7 Pikel


Innate Abilities, Weirdness & Mutations

You are small and have problems with some larger weapons.
You are somewhat resistant to further mutation.


Message History

The bullfrog zombie misses you. The slave hits you but does no damage.
The slave hits you. The slave barely misses you. Pikel barely misses you.
A wyvern zombie comes into view.
Firing (i - inventory):
h - 211 stones (quivered)
Press: ? - help, Shift-Dir - straight line, f/p - Pikel
Aim: Pikel, wielding a whip of electrocution and wearing a robe (almost dead)
You shoot a stone. The stone barely misses Pikel.
The bullfrog zombie hits you. The slave hits you!
* * * LOW HITPOINT WARNING * * *
The slave hits you!
* * * LOW HITPOINT WARNING * * *
You feel better. The slave hits you!
* * * LOW HITPOINT WARNING * * *
A hound comes into view.
The hound barks!
The bullfrog zombie barely misses you.
Pikel hits you with a whip of electrocution.
* * * LOW HITPOINT WARNING * * *
You are electrocuted!
You die...

#.....#..##...#
#.....#.......#
#.....'.......#
###.....##.##..##
#....#+###'##+###
#....#..........#
#....+..........+
##p...#.###....###
#@Zp.## ##....###
#.hppK..#
#........
+..#.((.#
#........
#.##.)..#
####..##. #<
....... ##+##. .
.....(.. .. #
#Z....(... ..
#......(.( ##. #.


You could see Pikel, 4 slaves, a hound, a bullfrog zombie and a wyvern zombie.

Vanquished Creatures
  A hippogriff (D:7)
  Duvessa (D:6)
  An ice beast (D:6)
  A black bear (D:6)
  A centaur (D:7)
  3 ogres
  4 big kobolds (Sewer)
  3 bullfrogs (D:6)
  Dowan (D:6)
  2 scorpions (D:6)
  2 howler monkeys
  A centaur zombie (D:6)
  A crimson imp (D:5)
  A jelly (D:7)
  A bullfrog zombie (D:6)
  The ghost of FollowTheCloud the Sneak, a weakling VSEn (D:3)
  4 hounds
  2 orc wizards (D:4)
  A bullfrog skeleton (D:6)
  A gnoll shaman (D:5)
  Crazy Yiuf (D:2)
  3 worker ants
  The ghost of letownia the Insei, a weakling OpTm (Sewer)
  A worker ant zombie (D:5)
  3 howler monkey skeletons
  8 gnolls (D:5)
  10 adders
  2 river rats (Sewer)
  3 oozes (Sewer)
  5 worms
  3 dart slugs
  2 leopard geckos
  17 orcs
  6 ball pythons
  7 bats
  6 giant cockroaches
  5 goblins
  7 hobgoblins
  16 jackals
  10 kobolds
  7 quokkas
  3 frilled lizards (D:1)
  2 leopard gecko skeletons
  12 rats
173 creatures vanquished.

Vanquished Creatures (others)
  5 toadstools (D:1)
5 creatures vanquished.

Grand Total: 178 creatures vanquished

Notes
Turn   | Place    | Note
-------+----------+-------------------------------------------
     0 | D:1      | Hopiakuusi the Halfling Hunter began the quest for the Orb.
     0 | D:1      | Reached XP level 1. HP: 14/14 MP: 1/1
    29 | D:1      | Reached skill level 6 in Slings
    62 | D:1      | Reached XP level 2. HP: 19/19 MP: 2/2
   312 | D:1      | Reached XP level 3. HP: 24/24 MP: 3/3
   713 | D:1      | Reached skill level 7 in Slings
   849 | D:2      | Reached XP level 4. HP: 29/29 MP: 4/4
  1051 | D:2      | Found a runed door.
  1055 | D:2      | Noticed Crazy Yiuf
  1061 | D:2      | Killed Crazy Yiuf
  1191 | D:3      | Noticed Purgy
  1312 | D:3      | Reached XP level 5. HP: 25/34 MP: 5/5
  1421 | D:3      | Noticed FollowTheCloud's ghost (weakling VSEn)
  1435 | D:3      | Killed FollowTheCloud's ghost
  1452 | D:3      | Reached skill level 8 in Slings
  2298 | D:4      | Reached XP level 6. HP: 39/39 MP: 6/6
  2626 | D:4      | Reached skill level 9 in Slings
  2694 | D:4      | Found a shattered altar of Ashenzari.
  2695 | D:4      | Found an ancient bone altar of Kikubaaqudgha.
  2695 | D:4      | Found an opulent altar of Gozag.
  2709 | D:4      | Became a worshipper of Ashenzari the Shackled
  2969 | D:4      | Found a glowing golden altar of the Shining One.
  3026 | D:4      | Noticed an ogre
  3107 | D:4      | Killed an ogre
  3107 | D:4      | Reached XP level 7. HP: 36/45 MP: 7/7
  3664 | D:5      | Entered Level 5 of the Dungeon
  3681 | D:5      | Found a sacrificial altar of Ru.
  3740 | D:5      | Reached skill level 10 in Slings
  4087 | D:5      | Reached * piety under Ashenzari
  4145 | D:5      | Identified the cursed scarf of the Shrike {+Fly rPois Dex+4}
  4332 | D:5      | Found a glowing drain.
  4340 | Sewer    | Entered a sewer
  4340 | Sewer    | Noticed letownia's ghost (weakling OpTm)
  4345 | Sewer    | Killed letownia's ghost
  4502 | Sewer    | Reached XP level 8. HP: 52/52 MP: 8/8
  4920 | Sewer    | Reached skill level 11 in Slings
  5619 | D:6      | Reached skill level 1 in Evocations
  5705 | D:6      | Reached XP level 9. HP: 59/59 MP: 10/10
  5712 | D:6      | Reached skill level 12 in Slings
  6234 | D:6      | Noticed Duvessa
  6234 | D:6      | Noticed Dowan
  6309 | D:6      | Found a basalt altar of Yredelemnul.
  6381 | D:6      | Reached skill level 5 in Fighting
  6454 | D:6      | Noticed MontyDaPython's ghost (novice DsBe)
  6786 | D:6      | Killed Duvessa
  6833 | D:6      | Killed Dowan
  6891 | D:7      | Noticed a hippogriff
  6911 | D:7      | Killed a hippogriff
  7288 | D:7      | Found a staircase to the Ecumenical Temple.
  7375 | D:7      | Noticed Pikel
  7397 | D:7      | Mangled by Pikel

Skill      XL: |  1  2  3  4  5  6  7  8  9 |
---------------+----------------------------+-----
Slings         | 6 7 8 9 10 11 12 | 12.7
Stealth        | 2 3 4 |  4.8
Fighting       | 2 3 4 6 |  6.2
Dodging        | 3 4 |  4.3
Evocations     | 1 3 |  3.0
Armour         | |  0.9

Action                   |  1- 3 |  4- 6 |  7- 9 || total
-------------------------+-------+-------+-------++-------
Melee: Dagger            |       |       |    24 ||    24
 Fire: Hunting sling     |    67 |   159 |   594 ||   820
Invok: Curse Item        |       |     2 |     2 ||     4
  Use: Scroll            |       |     1 |     2 ||     3
       Potion            |       |       |     1 ||     1
  Eat: Chunk             |       |     5 |    10 ||    15
       Meat ration       |       |       |     1 ||     1
Armor: Leather armour    |     4 |    14 |    19 ||    37
Dodge: Dodged            |    11 |    61 |   125 ||   197
